 Dungeon Crawl Stone Soup version 0.20.0-15-g7f486f2 (console) character file.

98 removed the Ducker (level 4, -14/21 HPs)
             Began as a Spriggan Necromancer on June 9, 2017.
             Demolished by a mummy (17 damage)
             ... created by the anger of Yredelemnul
             ... on level 3 of the Dungeon.
             The game lasted 00:03:27 (2749 turns).

removed the Ducker (Spriggan Necromancer)           Turns: 2749, Time: 00:03:28

Health: -14/21     AC:  2    Str:  5    XL:     4   Next: 44%
Magic:  9/9        EV: 22    Int: 16    God:
Gold:   121        SH:  0    Dex: 16    Spells: 7/8 levels left

rFire    . . .     SeeInvis +   b - -2 quarterstaff (curse)
rCold    . . .     Gourm    .   (shield currently unavailable)
rNeg     . . .     Faith    .   i - +0 robe
rPois    .         Spirit   .   (helmet restricted)
rElec    .         Reflect  .   (no cloak)
rCorr    .         Harm     .   (gloves unavailable)
MR       .....                  (boots unavailable)
Stlth    ++........             (no amulet)
Regen    0.1/turn               (no ring)
MPRegen  0.2/turn               (no ring)

@: very quick
A: unfitting armour, see invisible, herbivore 3, speed 3, slow metabolism 2
a: no special abilities


You were on level 3 of the Dungeon.
You were not hungry.

You visited 1 branch of the dungeon, and saw 3 of its levels.

You collected 121 gold pieces.

Inventory:

Hand Weapons
 a - a +1 dagger of venom
 b - a cursed -2 quarterstaff (weapon)
 e - a cursed -1 short sword
Armour
 i - a +0 robe (worn)
Scrolls
 j - 3 scrolls of fear {unknown}
 l - a scroll of amnesia {unknown}
 m - a scroll of recharging {unknown}
 n - a scroll of identify {unknown}
 o - a scroll of remove curse
 p - a scroll of fog {unknown}
 r - a scroll of teleportation {unknown}
Potions
 f - a potion of brilliance
 g - a potion of lignification {unknown}
 h - a potion of agility {unknown}
Books
 q - a book of Necromancy

   Spells                             Type                      Level
   a - Pain                           Necromancy                   1
   b - Animate Skeleton               Necromancy                   1
   c - Vampiric Draining              Necromancy                   3
   d - Regeneration                   Charms/Necromancy            3
   e - Animate Dead                   Necromancy                   4
   f - Control Undead                 Necromancy                   4
Comestibles
 c - 4 bread rations
 k - 3 royal jellies


   Skills:
 + Level 6.9 Dodging
 - Level 3.0 Stealth
 - Level 2.6 Spellcasting
 - Level 3.6 Necromancy


You had 7 spell levels left.
You knew the following spells:

 Your Spells              Type           Power        Failure   Level  Hunger
a - Pain                  Necr           ##..         4%          1    #......


Dungeon Overview and Level Annotations

Branches:
Dungeon (3/15)

Altars:
Yredelemnul


Innate Abilities, Weirdness & Mutations

You are very small and have problems with some larger weapons.
You are too small for most types of armour.
You have supernaturally acute eyesight. (SInv)
You are a herbivore.
You cover ground extremely quickly.
You need consume almost no food.


Message History

You barely miss the mummy.
The mummy is severely damaged.
The mummy completely misses you.
Unknown command.
You hit the mummy but do no damage.
The mummy is severely damaged.
The mummy completely misses you.
Unknown command.
You hit the mummy.
The mummy is almost destroyed.
Unknown command.
You hit the mummy.
The mummy is almost destroyed.
The mummy completely misses you.
Unknown command.
You barely miss the mummy.
The mummy is almost destroyed.
The mummy hits you!
Ouch! That really hurt!
You die...

#.##..#.#.# #.# #.
#..#.#.# #.# #.
#..#.#.## #.# #.
#.<#....###.########
#.##..#.)#.............
#..........###.#######.
##.##.###### #.# #.##.#
#.# ##.##.# #@#
.##...#.#......M.#
.#..)...#.########
........# .#.....##
.##...## ##)####.## .#
#........ .# #.####.##


You could see a mummy.

Vanquished Creatures
  2 adders
  An ooze (D:1)
  2 dart slugs
  A worm (D:3)
  3 leopard geckos
  2 orcs (D:3)
  A ball python (D:2)
  2 giant cockroaches
  9 goblins
  8 hobgoblins
  2 jackals (D:1)
  12 kobolds
  3 bats (D:1)
  3 frilled lizards
  7 rats
58 creatures vanquished.

Notes
Turn   | Place    | Note
-------+----------+-------------------------------------------
     0 | D:1      | removed the Spriggan Necromancer began the quest for the Orb.
     0 | D:1      | Reached XP level 1. HP: 9/9 MP: 5/5
   374 | D:1      | Reached skill level 4 in Dodging
   637 | D:1      | Reached XP level 2. HP: 11/13 MP: 3/6
  1023 | D:1      | Reached skill level 5 in Dodging
  1161 | D:1      | Reached XP level 3. HP: 15/16 MP: 8/8
  1905 | D:2      | Found a faded altar of an unknown god.
  1914 | D:2      | Became a worshipper of Yredelemnul the Dark
  1914 | D:2      | Reached * piety under Yredelemnul
  1915 | D:2      | Fell from the grace of Yredelemnul
  2013 | D:2      | Reached skill level 6 in Dodging
  2067 | D:2      | Reached XP level 4. HP: 14/21 MP: 9/9
  2452 | D:3      | HP: 1/21 [poisoned by an adder]
  2749 | D:3      | Demolished by a mummy

Skill      XL: |  1  2  3 |
---------------+----------+-----
Dodging        | 4 5 6 |  6.9
Stealth        | |  3.0
Spellcasting   | |  2.6
Necromancy     | |  3.6

Action                   |  1- 3 |  4- 6 || total
-------------------------+-------+-------++-------
Melee: Dagger            |    84 |    51 ||   135
       Quarterstaff      |       |     8 ||     8
 Cast: Pain              |    23 |       ||    23
Invok: Renounce Religion |     1 |       ||     1
  Use: Scroll            |     1 |       ||     1
       Potion            |       |     2 ||     2
 Stab: Distracted        |     2 |       ||     2
       Sleeping          |     6 |     4 ||    10
Armor: Robe              |     6 |       ||     6
Dodge: Dodged            |    73 |    39 ||   112
